 Dungeon Crawl Stone Soup version 0.21.1-1-g345015f (webtiles) character file.

51 wilfster70 the Magician (level 3, 0/25 HPs)
             Began as a Gnoll Wizard on July 26, 2018.
             Succumbed to a worker ant's poison
             ... on level 2 of the Dungeon.
             The game lasted 00:06:13 (894 turns).

wilfster70 the Magician (Gnoll Wizard)               Turns: 894, Time: 00:06:14

Health: 0/25       AC:  3    Str: 14    XL:     3   Next: 81%
Magic:  2/11       EV: 14    Int: 21    God:
Gold:   45         SH:  0    Dex: 13    Spells: 5/16 levels left

rFire    . . .     SeeInvis .   (no weapon)
rCold    . . .     Gourm    .   (no shield)
rNeg     . . .     Faith    .   a - +0 robe
rPois    .         Spirit   .   l - +1 hat
rElec    .         Reflect  .   (no cloak)
rCorr    .         Harm     .   (no gloves)
MR       .....                  (no boots)
Stlth    +++.......             (no amulet)
HPRegen  0.08/turn              (no ring)
MPRegen  0.12/turn              (no ring)

@: mighty, lethally poisoned (0 -> -2)
A: distributed training, fangs 1, strong nose
a: no special abilities


You were on level 2 of the Dungeon.
You were not hungry.

You visited 1 branch of the dungeon, and saw 2 of its levels.

You collected 45 gold pieces.

Inventory:

Hand Weapons
 g - a +0 dagger
Missiles
 h - 23 stones (quivered)
 j - 23 sling bullets
Armour
 a - a +0 robe (worn)
 l - a +1 hat (worn)
Scrolls
 b - a scroll of identify {unknown}
 e - a scroll of amnesia {unknown}
 k - a scroll of noise {unknown}
Potions
 i - a potion of might
Books
 c - a book of Minor Magic

   Spells                             Type                      Level
   a - Magic Dart                     Conjuration                  1
   b - Blink                          Translocation                2
   c - Call Imp                       Summoning                    2
   d - Slow                           Hexes                        2
   e - Conjure Flame                  Conjuration/Fire             3
   f - Mephitic Cloud                 Conjuration/Poison/Air       3
Comestibles
 d - 4 rations


   Skills:
 + Level 0.9 Fighting
 + Level 0.9 Short Blades
 + Level 0.9 Long Blades
 + Level 0.9 Axes
 + Level 0.9 Maces & Flails
 + Level 0.9 Polearms
 + Level 0.9 Staves
 + Level 0.9 Slings
 + Level 0.9 Bows
 + Level 0.9 Crossbows
 + Level 0.9 Throwing
 + Level 0.9 Armour
 + Level 4.5 Dodging
 + Level 4.2 Stealth
 + Level 0.9 Shields
 + Level 0.9 Unarmed Combat
 + Level 7.1 Spellcasting
 + Level 2.1 Conjurations
 + Level 0.6 Hexes
 + Level 0.6 Charms
 + Level 2.1 Summonings
 + Level 0.6 Necromancy
 + Level 2.1 Translocations
 + Level 0.6 Transmutations
 + Level 0.6 Fire Magic
 + Level 0.6 Ice Magic
 + Level 0.6 Air Magic
 + Level 0.6 Earth Magic
 + Level 0.6 Poison Magic
 + Level 1.0 Invocations
 + Level 0.9 Evocations


You had 5 spell levels left.
You knew the following spells:

 Your Spells              Type           Power        Failure   Level  Hunger
a - Magic Dart            Conj           ###.         3%          1    None
b - Call Imp              Summ           ###.....     5%          2    None
c - Mephitic Cloud        Conj/Pois/Air  ##......     16%         3    None
d - Conjure Flame         Conj/Fire      ##......     14%         3    None
g - Blink                 Tloc           N/A          5%          2    None


Dungeon Overview and Level Annotations

Branches:
Dungeon (2/15)

Altars:


Innate Abilities, Weirdness & Mutations

Your experience applies equally to all skills.
You have very sharp teeth.
Your uncanny sense of smell can sniff out nearby items.


Message History

You feel very mighty all of a sudden.
* * * LOW HITPOINT WARNING * * *
You feel sick.
* * * LOW HITPOINT WARNING * * *
You feel sick.
* * * LOW HITPOINT WARNING * * *
You feel sick.
There is a stone staircase leading up here.
* * * LOW HITPOINT WARNING * * *
You feel sick.
There is a lethal amount of poison in your body!
Okay, then.
* * * LOW HITPOINT WARNING * * *
You feel sick.
Your magical contamination has completely faded away.
* * * LOW HITPOINT WARNING * * *
You feel sick.
There is a stone staircase leading up here.
There is a stone staircase leading up here.
You die...

####### ##.....##
####...@..<## .
..........<.# ..
............# ...
............# ....
............# $....
............###......
.....................
............###......
.##.........# .....


There were no monsters in sight!

Vanquished Creatures
  A worker ant (D:2)
  An ooze (D:2)
  2 giant cockroaches (D:1)
  4 hobgoblins (D:1)
  4 jackals (D:1)
  3 kobolds (D:1)
  5 bats (D:1)
  A frilled lizard (D:2)
  A rat (D:1)
22 creatures vanquished.

Notes
Turn   | Place    | Note
-------+----------+-------------------------------------------
     0 | D:1      | wilfster70 the Gnoll Wizard began the quest for the Orb.
     0 | D:1      | Reached XP level 1. HP: 13/13 MP: 8/8
   180 | D:1      | Reached XP level 2. HP: 19/19 MP: 6/10
   187 | D:1      | Learned a level 2 spell: Blink
   190 | D:1      | Learned a level 2 spell: Call Imp
   611 | D:1      | Reached XP level 3. HP: 25/25 MP: 8/11
   616 | D:1      | Learned a level 3 spell: Mephitic Cloud
   620 | D:1      | Learned a level 3 spell: Conjure Flame
   874 | D:2      | Reached skill level 1 in Invocations
   890 | D:2      | HP: 1/25 [poisoned by a worker ant]
   894 | D:2      | Succumbed to a worker ant's poison

Skill      XL: |  1  2  3 |
---------------+----------+-----
Conjurations   | 2 |  2.1
Summonings     | 2 |  2.1
Translocations | 2 |  2.1
Invocations    | 1 |  1.0
Fighting       | |  0.9
Short Blades   | |  0.9
Long Blades    | |  0.9
Axes           | |  0.9
Maces & Flails | |  0.9
Polearms       | |  0.9
Staves         | |  0.9
Slings         | |  0.9
Bows           | |  0.9
Crossbows      | |  0.9
Throwing       | |  0.9
Armour         | |  0.9
Dodging        | |  4.5
Stealth        | |  4.2
Shields        | |  0.9
Unarmed Combat | |  0.9
Spellcasting   | |  7.1
Hexes          | |  0.6
Charms         | |  0.6
Necromancy     | |  0.6
Transmutations | |  0.6
Fire Magic     | |  0.6
Ice Magic      | |  0.6
Air Magic      | |  0.6
Earth Magic    | |  0.6
Poison Magic   | |  0.6
Evocations     | |  0.9

Action                   || total
-------------------------++-------
 Cast: Magic Dart        ||    62
  Use: Potion            ||     1
Armor: Robe              ||     1
Dodge: Dodged            ||    13
